 Dungeon Crawl Stone Soup version 0.29-a0-997-gf6f7e2dfe7 (webtiles) character file.

Game seed: 2808165308956031579

630 vurker the Shooter (level 7, -6/60 HPs)
             Began as a Minotaur Hunter on Aug 4, 2022.
             Mangled by a gnoll
             ... wielding a +0 flail
              (7 damage)
             ... on level 4 of the Dungeon.
             The game lasted 00:04:58 (3735 turns).

vurker the Shooter (Minotaur Hunter)                Turns: 3735, Time: 00:04:58

Health: -6/60      AC: 12    Str: 16 (18) XL:     7   Next: 24%
Magic:  6/6        EV:  3    Int:  4 (6)  God:
Gold:   146        SH:  0    Dex: 10 (13) Spells: 6/6 levels left

rFire   . . .      SeeInvis .   a - +1 shortbow (freeze)
rCold   . . .      Faith    .   (shield currently unavailable)
rNeg    . . .      Spirit   .   d - +0 plate armour
rPois   .          Reflect  .   (helmet restricted)
rElec   .          Harm     .   (no cloak)
rCorr   +          Rampage  .   (no gloves)
Will    .....                   g - +0 pair of boots
Stlth   ..........              (no amulet)
HPRegen 0.20/turn               n - ring of resist corrosion
MPRegen 0.10/turn               (no ring)

@: held
A: horns 2, retaliatory headbutt
a: no special abilities


You were on level 4 of the Dungeon.
You visited 1 branch of the dungeon, and saw 4 of its levels.

You collected 146 gold pieces.

Inventory:

Hand Weapons
 a - a +1 shortbow of freezing (weapon)
Armour
 d - a +0 plate armour (worn)
   (You found it on level 4 of the Dungeon)
 g - a +0 pair of boots (worn)
   (You found it on level 4 of the Dungeon)
Jewellery
 n - a ring of resist corrosion (left hand)
   (You found it on level 3 of the Dungeon)
Wands
 p - a wand of polymorph (1)
   (You found it on level 3 of the Dungeon)
 v - a wand of digging (6)
   (You took it off Ijyb on level 4 of the Dungeon)
Scrolls
 b - 4 scrolls of immolation
 e - 3 scrolls of identify
Potions
 f - 2 potions of lignification
 h - a potion of flight
 l - a potion of might
 s - a potion of mutation
 u - a potion of cancellation


   Skills:
 + Level 4.8 Fighting
 * Level 7.2 Ranged Weapons
 + Level 3.7 Armour
 + Level 4.2 Dodging
 - Level 0.7 Stealth


You had 6 spell levels left.
You didn't know any spells.
Your spell library contained the following spells:

 Spells                   Type           Power      Damage    Failure   Level
 Inner Flame              Hex/Fire       0%         N/A       100%        3
 Portal Projectile        Hex/Tloc       0%         N/A       100%        3
 Tukima's Dance           Hex            0%         N/A       100%        3
 Airstrike                Air            0%         2d(0-16)  100%        4
 Cause Fear               Hex            0%         N/A       100%        4
 Summon Lightning Spire   Summ/Air       0%         N/A       100%        4
 Blade Hands              Tmut           0%         N/A       100%        5
 Lightning Bolt           Conj/Air       0%         1d11      100%        5
 Discord                  Hex            0%         N/A       100%        8


Dungeon Overview and Level Annotations

Branches:
Dungeon (4/15)
 Temple: D:4-7

Altars:
Dithmenos
Kikubaaqudgha


Innate Abilities, Weirdness & Mutations

You have a pair of horns on your head.
You reflexively headbutt those who attack you in melee.


Message History

You shoot an arrow. The gnoll shouts!
The arrow hits the gnoll!
The arrow freezes the gnoll.
You kill the gnoll!
The iguana barely misses you.
You shoot an arrow. The arrow hits the iguana.
The arrow freezes the iguana.
The iguana bites you but does no damage.
The gnoll hits you but does no damage. The iguana attacks as you move away!
The iguana bites you!
You shoot an arrow. The arrow hits the iguana.
The arrow freezes the iguana.
The iguana bites you. x2
You shoot an arrow. The arrow hits the iguana!
The arrow freezes the iguana.
You kill the iguana!
The gnoll throws a throwing net.
The throwing net hits you.
You become entangled in the net!
The gnoll hits you but does no damage.
The gnoll hits you from afar with a +0 spear.
You are held in a net!
You tear a large gash into the net.
The gnoll completely misses you. You furiously retaliate!
You headbutt the gnoll. The gnoll hits you but does no damage.
You struggle against the net.
The gnoll barely misses you.
You rip the net and break free!
The gnoll hits you with a +0 flail.
The gnoll hits you from afar with a +0 spear.
You shoot an arrow. The arrow closely misses the gnoll.
The gnoll hits you but does no damage.
The gnoll hits you from afar with a +0 spear!
* * * LOW HITPOINT WARNING * * *
The gnoll completely misses you. The gnoll barely misses you.
The gnoll attacks as you move away! The gnoll hits you with a +0 flail.
* * * LOW HITPOINT WARNING * * *
The gnoll attacks as you move away! The gnoll hits you with a +0 flail.
* * * LOW HITPOINT WARNING * * *
The gnoll attacks as you move away! The gnoll hits you with a +0 flail!
* * * LOW HITPOINT WARNING * * *
The gnoll throws a throwing net.
The throwing net hits you.
You become entangled in the net!
There is a stone staircase leading up here.
You see here a throwing net.
You struggle against the net.
The gnoll barely misses you.
Unknown command.
Okay, then.
It was a potion of degeneration.
There was something very wrong with that liquid.
You feel weakened.
You feel dopey.
You feel clumsy. The gnoll hits you with a +0 flail.
* * * LOW HITPOINT WARNING * * *
The gnoll hits you from afar with a +0 spear!
* * * LOW HITPOINT WARNING * * *
You struggle against the net.
The gnoll hits you with a +0 flail!
You die...

#......##.#..........#
#.#....##.##.........#
######.........##.>.......#
.......<).....##..[......#
..#.......>..............#
#...#..................).#
##..#....................#
...#..[.................#
#.......∩....@.....##.####
#.###........g........#
##......#g.........#
#.......#..........#
....###............... ..##
#.#............. ##
#).#........[...
#................
#=.###.......[....


You could see 2 gnolls.

Vanquished Creatures
  A necrophage (D:3)
  A scorpion (D:3)
  3 vampire bats (D:3)
  A jelly (D:4)
  An orc priest (D:3)
  An iguana (D:4)
  Ijyb (D:4)
  3 orc wizards (D:3)
  2 gnolls (D:4)
  6 adders
  2 worms (D:2)
  2 dart slugs
  10 orcs
  3 bats
  2 bat skeletons (D:3)
  2 bat zombies (D:3)
  9 endoplasms
  11 giant cockroaches
  11 goblins
  9 hobgoblins
  7 jackals
  12 kobolds
  3 quokkas
  5 ball pythons
  6 frilled lizards
  3 rats
117 creatures vanquished.

Vanquished Creatures (others)
  A plant (D:3)
1 creature vanquished.

Grand Total: 118 creatures vanquished

Notes
Turn   | Place    | Note
-------+----------+-------------------------------------------
     0 | D:1      | vurker the Minotaur Hunter began the quest for the Orb.
     0 | D:1      | Reached XP level 1. HP: 18/18 MP: 0/0
    94 | D:1      | Reached XP level 2. HP: 24/25 MP: 1/1
   432 | D:1      | Found a faded altar of an unknown god.
   480 | D:1      | Reached skill level 5 in Ranged Weapons
   505 | D:1      | Reached XP level 3. HP: 31/31 MP: 2/2
   583 | D:1      | Reached skill level 1 in Armour
  1141 | D:2      | Reached XP level 4. HP: 38/38 MP: 3/3
  1792 | D:3      | Found a shadowy altar of Dithmenos.
  1981 | D:3      | Noticed a scorpion
  1999 | D:3      | Killed a scorpion
  2000 | D:3      | Reached XP level 5. HP: 9/46 MP: 4/4
  2377 | D:3      | Reached skill level 6 in Ranged Weapons
  2682 | D:3      | Identified the +5 ring mail of Day {-Tele rPois Dex+6
                  | Stlth+}
  2716 | D:3      | Found an ancient bone altar of Kikubaaqudgha.
  2728 | D:3      | Reached XP level 6. HP: 43/52 MP: 5/5
  2935 | D:4      | Noticed Ijyb
  3483 | D:3      | Reached XP level 7. HP: 47/60 MP: 6/6
  3605 | D:4      | Killed Ijyb
  3606 | D:4      | Reached skill level 7 in Ranged Weapons
  3734 | D:4      | HP: 1/60 [gnoll/+0 spear (8)]
  3735 | D:4      | Mangled by a gnoll

Illustrated notes

Levels and vault maps discovered:
D:1:      eino_arrival_cavern_e, layout_loops_ring,
          dreamdust_ecumenical_altar_angels_and_demons, minmay_worlds_worst_comb
D:2:      layout_loops_cross, grunt_ministairs_8
D:3:      layout_basic, nicolae_dithmenos_shadow_blocks,
          kennysheep_vampire_church, serial_bayou_pond_b,
          corexii_hall_statues_deadend
D:4:      layout_rooms, ebering_ghost_gozag, minmay_liquid_box, abandoned_shop,
          uniq_pikel, uniq_crazy_yiuf_cottage, uniq_ijyb

Skill      XL: |  1  2  3  4  5  6  7 |
---------------+----------------------+-----
Fighting       | 3 4 |  4.8
Ranged Weapons | 5 6 7 |  7.2
Armour         | 1 2 3 |  3.7
Dodging        | 3 4 |  4.2
Stealth        | |  0.7

Action                   |  1- 3 |  4- 6 |  7- 9 || total
-------------------------+-------+-------+-------++-------
Melee: Unarmed           |       |     1 |       ||     1
       Shortbow          |       |     2 |       ||     2
       Headbutt          |       |     1 |       ||     1
 Fire: Shortbow          |   116 |   186 |    34 ||   336
  Use: Potion            |       |     1 |     1 ||     2
       Scroll            |       |    13 |       ||    13
Armor: Leather armour    |     5 |    48 |     3 ||    56
       Skin              |       |     1 |       ||     1
       Plate armour      |       |       |     5 ||     5
Dodge: Dodged            |    32 |    92 |    11 ||   135

Table legend: (Time is in decaauts)
 A = Elapsed time spent in this place.
 B = Non-inter-level travel time spent in this place.
 C = Inter-level travel time spent in this place.
 D = Time resting spent in this place.
 E = Time spent auto-exploring this place.
 F = Levels seen in this place.
 G = Mean time per level.
                   A        B        C        D        E       F      G
               +--------+--------+--------+--------+--------+-----+--------+
         Total |   3830 |   3631 |    199 |    577 |   2329 |   4 |  957.5 |
       Dungeon |   3830 |   3631 |    199 |    577 |   2329 |   4 |  957.5 |
               +--------+--------+--------+--------+--------+-----+--------+

Top non-repeatable levels by time:
     D:3: 1759 daAuts
     D:2: 918 daAuts
     D:1: 908 daAuts
     D:4: 243 daAuts
